 Dungeon Crawl Stone Soup version 0.27.1-33-g824d729ab1 (webtiles) character file.

Game seed: 8220504014858457153

24 lonewolfV2 the Skirmisher (level 2, 0/25 HPs)
             Began as a Palentonga Fighter on Dec 15, 2021.
             Succumbed to an adder's poison
             ... on level 2 of the Dungeon.
             The game lasted 00:01:18 (962 turns).

lonewolfV2 the Skirmisher (Palentonga Fighter)       Turns: 962, Time: 00:01:19

Health: 0/25       AC:  6    Str: 19    XL:     2   Next: 79%
Magic:  2/2        EV:  5    Int:  8    God:
Gold:   46         SH:  8    Dex:  9    Spells: 1/1 levels left

rFire    . . .     SeeInvis +   a - +0 flail
rCold    . . .     Faith    .   c - +0 kite shield
rNeg     . . .     Spirit   .   b - +0 scale mail
rPois    .         Reflect  .   (no helmet)
rElec    .         Harm     .   (no cloak)
rCorr    .         Rampage  .   (no gloves)
Will     .....                  (no barding)
Stlth    ..........             (no amulet)
HPRegen  0.08/turn              (no ring)
MPRegen  0.08/turn              (no ring)

@: lethally poisoned (0 -> -3)
A: large, rugged brown scales 3, see invisible, deformed body, roll 1, armoured
tail
a: Rolling Charge


You were on level 2 of the Dungeon.
You visited 1 branch of the dungeon, and saw 2 of its levels.

You collected 46 gold pieces.

Inventory:

Hand Weapons
 a - a +0 flail (weapon)
Armour
 b - a +0 scale mail (worn)
 c - a +0 kite shield (worn)
Scrolls
 e - 3 scrolls of identify {unknown}
 f - a scroll of summoning {unknown}
Potions
 d - a potion of might
 g - a potion of resistance {unknown}


   Skills:
 + Level 3.2 Fighting
 + Level 2.1 Maces & Flails
 + Level 2.7 Armour
 + Level 2.7 Shields


You had one spell level left.
You didn't know any spells.
Your spell library was empty.

Dungeon Overview and Level Annotations

Branches:
Dungeon (2/15)

Altars:

Shops:
D:1 *


Innate Abilities, Weirdness & Mutations

You are completely covered in rugged brown scales. (AC +3, +7% HP)
You have supernaturally acute eyesight. (SInv)
Armour fits poorly on your strangely shaped body.
You can roll at nearby foes to attack.
You have a long armoured tail.


Message History

You are frozen.
You thump the endoplasm!
You kill the endoplasm!
You feel sick.
You are no longer poisoned.
You block the bat's attack. The adder bites you but does no damage.
You block the rat's attack. The adder bites you. The bat barely misses you.
The adder bites you but does no damage. The rat bites you but does no damage.
You hit the rat.
You kill the rat!
The bat hits you. The adder bites you. The adder closely misses you.
The bat barely misses you. The adder bites you.
* * * LOW HITPOINT WARNING * * *
The adder bites you but does no damage.
You see here a rat corpse.
You barely miss the adder. The bat barely misses you.
The bat hits you but does no damage. You block the adder's attack.
The bat hits you but does no damage. The adder bites you but does no damage.
You hit the adder.
The adder is lightly wounded.
The bat hits you but does no damage. The adder completely misses you.
You block the bat's attack. You block the adder's attack.
You sock the adder!
The adder is almost dead.
The bat hits you but does no damage. You block the adder's attack.
The adder bites you but does no damage.
You closely miss the adder.
Your tail-slap misses the adder.
The adder is almost dead.
The bat hits you but does no damage. You block the bat's attack.
The adder barely misses you. The adder bites you but does no damage.
You barely miss the adder.
The adder is almost dead.
You block the bat's attack. The adder bites you.
* * * LOW HITPOINT WARNING * * *
You are lethally poisoned!
The adder poisons you! You block the adder's attack.
You sock the adder!
You kill the adder!
You die...

####.......#
..........#
######.........#
).............(###
..............!...
....<#............
..................
#.......b@....#
#.............# ##
##.....######.#
....#.....######.# #
#..#............##
#.#..#.##............
.................###
###....####..#.......
.............#..#.###


You could see a bat.

Vanquished Creatures
  An adder (D:2)
  A dart slug (D:1)
  A ball python (D:1)
  2 endoplasms
  2 goblins (D:1)
  A hobgoblin (D:1)
  2 jackals (D:1)
  2 kobolds (D:1)
  5 bats
  A frilled lizard (D:1)
  3 rats
21 creatures vanquished.

Vanquished Creatures (others)
  2 plants (D:1)
2 creatures vanquished.

Grand Total: 23 creatures vanquished

Notes
Turn   | Place    | Note
-------+----------+-------------------------------------------
     0 | D:1      | lonewolfV2 the Palentonga Fighter began the quest for the
                  | Orb.
     0 | D:1      | Reached XP level 1. HP: 19/19 MP: 1/1
   280 | D:1      | Reached XP level 2. HP: 25/25 MP: 2/2
   631 | D:1      | Found Cagu's Assorted Antiques.
   962 | D:2      | Succumbed to an adder's poison

Illustrated notes

Levels and vault maps discovered:
D:1:      onia_arrival_pentagram, layout_basic, serial_shops,
          nicolae_shop_overgrown_old_shop, grunt_decor_mini_mirrors
D:2:      layout_basic, dreamdust_ecumenical_altar_drowned_temple, uniq_jessica

Action                   || total
-------------------------++-------
Melee: Flail             ||    64
       Tailslap          ||     4
 Abil: Rolling Charge    ||     2
Armor: Scale mail        ||    72
Dodge: Dodged            ||    26
Block: Kite shield       ||    49
